 Dungeon Crawl Stone Soup version 0.29.1-1-gd02db69 (webtiles) character file.

Game seed: 8567769720473853077

104 2mean the Shooter (level 4, -2/37 HPs)
             Began as a Minotaur Hunter on Feb 17, 2023.
             Slain by a worm (4 damage)
             ... on level 2 of the Dungeon.
             The game lasted 00:05:49 (1136 turns).

2mean the Shooter (Minotaur Hunter)                 Turns: 1136, Time: 00:05:49

Health: -2/37      AC:  6    Str: 16    XL:     4   Next: 52%
Magic:  3/3        EV: 12    Int:  6    God:
Gold:   64         SH:  0    Dex: 15    Spells: 3/3 levels left

rFire   + . .      SeeInvis .   a - +0 shortbow
rCold   . . .      Faith    .   (shield currently unavailable)
rNeg    . . .      Spirit   .   g - +2 leather armour {rF+}
rPois   .          Reflect  .   (helmet restricted)
rElec   .          Harm     .   (no cloak)
rCorr   .          Rampage  .   (no gloves)
Will    .....                   h - +0 pair of boots
Stlth   +.........              (no amulet)
HPRegen 0.12/turn               (no ring)
MPRegen 0.08/turn               (no ring)

@: no status effects
A: horns 2, retaliatory headbutt
a: no special abilities


You were on level 2 of the Dungeon.
You visited 1 branch of the dungeon, and saw 2 of its levels.

You collected 64 gold pieces.

Inventory:

Hand Weapons
 a - a +0 shortbow (weapon)
Armour
 c - a +0 leather armour
 g - a +2 leather armour of fire resistance (worn)
 h - a +0 pair of boots (worn)
Scrolls
 b - a scroll of immolation
 i - a scroll of teleportation
Potions
 d - 2 potions of cancellation {unknown}
 e - a potion of flight {unknown}
 f - a potion of curing {unknown}


   Skills:
 + Level 2.7 Fighting
 + Level 6.0 Ranged Weapons
 + Level 2.1 Armour
 + Level 2.3 Dodging
 + Level 0.8 Stealth


You had 3 spell levels left.
You didn't know any spells.
Your spell library was empty.

Dungeon Overview and Level Annotations

Branches:
Dungeon (2/15)

Altars:
Zin


Innate Abilities, Weirdness & Mutations

You have a pair of horns on your head.
You reflexively headbutt those who attack you in melee.


Message History

You headbutt the worm.
The worm is moderately wounded.
The worm barely misses you.
You clumsily bash the worm but do no damage.
Your headbutt misses the worm.
The worm is moderately wounded.
The worm bites you but does no damage.
You barely miss the worm.
You headbutt the worm, but do no damage.
The worm is moderately wounded.
You clumsily bash the worm but do no damage.
The worm is moderately wounded.
The worm closely misses you. You furiously retaliate!
You headbutt the worm, but do no damage.
You clumsily bash the worm but do no damage.
The worm is lightly wounded.
The worm bites you!
* * * LOW HITPOINT WARNING * * *
You clumsily bash the worm but do no damage.
The worm is lightly wounded.
The worm misses you.
You barely miss the worm.
The worm is lightly wounded.
The worm bites you but does no damage.
You are too injured to fight recklessly!
You are too injured to fight recklessly!
You clumsily bash the worm but do no damage.
You headbutt the worm.
The worm is moderately wounded.
The worm bites you but does no damage.
You clumsily bash the worm but do no damage.
The worm is lightly wounded.
The worm barely misses you.
You clumsily bash the worm but do no damage.
The worm is lightly wounded.
The worm bites you but does no damage.
You clumsily bash the worm but do no damage.
The worm is lightly wounded.
The worm bites you.
You die...

#..##...
#..#.#.
#..#..#
#..#.!#
#..#..#
#..#..#
#...#.#
#.#.w##
#..#@.#
##.#........
#......####
########


You could see a worm.

Vanquished Creatures
  4 gnolls (D:2)
  3 adders (D:2)
  A dart slug (D:1)
  4 ball pythons (D:1)
  An endoplasm (D:1)
  3 giant cockroaches
  A goblin (D:1)
  2 hobgoblins (D:1)
  4 jackals (D:1)
  3 quokkas (D:1)
  A bat (D:2)
  2 frilled lizards (D:1)
  5 kobolds (D:1)
  3 rats
37 creatures vanquished.

Notes
Turn   | Place    | Note
-------+----------+-------------------------------------------
     0 | D:1      | 2mean the Minotaur Hunter began the quest for the Orb.
     0 | D:1      | Reached XP level 1. HP: 18/18 MP: 0/0
   167 | D:1      | Reached XP level 2. HP: 22/25 MP: 1/1
   197 | D:1      | Reached skill level 5 in Ranged Weapons
   695 | D:1      | Reached XP level 3. HP: 28/30 MP: 2/2
   943 | D:2      | Found a faded altar of an unknown god.
   998 | D:2      | Found a glowing silver altar of Zin.
  1059 | D:2      | Reached skill level 1 in Armour
  1062 | D:2      | Reached XP level 4. HP: 27/37 MP: 3/3
  1065 | D:2      | Reached skill level 6 in Ranged Weapons
  1130 | D:2      | HP: 1/37 [worm (7)]
  1136 | D:2      | Slain by a worm

Illustrated notes

Levels and vault maps discovered:
D:1:      onia_arrival_mini_maze, layout_basic, dreamdust_wishing_well
D:2:      layout_basic, basic_altar, nicolae_ecumenical_oubliette, serial_shops,
          shop_statue, minmay_3d_cube

Skill      XL: |  1  2  3  4 |
---------------+-------------+-----
Ranged Weapons | 5 6 |  6.0
Armour         | 1 2 |  2.1
Fighting       | |  2.7
Dodging        | |  2.3
Stealth        | |  0.8

Action                   |  1- 3 |  4- 6 || total
-------------------------+-------+-------++-------
Melee: Shortbow          |     1 |    23 ||    24
       Headbutt          |       |     4 ||     4
 Fire: Shortbow          |    82 |    10 ||    92
  Use: Scroll            |     3 |       ||     3
Armor: Leather armour    |     6 |     8 ||    14
Dodge: Dodged            |    28 |    14 ||    42
